AoeStats
← tonytctang

Oasis

507213730Analyzed
4v4 RM · 15d ago on Sep 17, 2026· 37m 8s· 8 players
Game mode
Random Map
Map size
Large (8 player)
Population
200
Speed
Normal
Resources
Standard
Victory
Conquest
Starting age
Dark Age
Ending age
Imperial Age
RankedLock teamsTeams togetherTeam positionsShared explorationLock speedFull tech treeHidden civsTurbo modeCheats
Victory
Defeat
🇭🇰 Mongols · Hong Kong SAR China
1161
+15
🇭🇰 Saracens · Hong Kong SAR China
1155
+15
🇨🇳 Khitans · China
1150
+15
🇲🇽 Ethiopians · Mexico
1074
+19
🇺🇸 Lithuanians · United States
1151
-17
🇪🇨 Inca · Ecuador
1134
-16
🇵🇪 Hindustanis · Peru
1125
-16
🇺🇸 Malay · United States
1106
-15
RaffaEP
0:33 Loom
11:28 Feudal Age
15:05 Castle Age
13:22 Double-Bit Axe
13:58 Horse Collar
14:42 Gold Mining
17:18 Fervor
18:28 Wheelbarrow
23:32 Bloodlines
25:56 Heavy Plow
28:57 Scale Barding Armor
30:03 Arson
31:15 Forging
31:57 Husbandry
32:15 Stone Mining
33:15 Chain Barding Armor
33:28 Bow Saw
34:16 Iron Casting
34:34 Fletching
35:05 Hand Cart
35:00 Scale Mail Armor
34:39 Pikeman
36:08 Padded Archer Armor
37:17 Stone Shaft Mining
37:10 Squires
37:43 Chain Mail Armor
37:24 Bodkin Arrow
4k_hd
5:39 Loom
12:08 Feudal Age
18:24 Castle Age
S1lv3r81
10:35 Feudal Age
9:45 Loom
14:50 Castle Age
13:37 Loom
15:59 Double-Bit Axe
17:45 Town Watch
25:05 Bow Saw
26:58 Forging
27:36 Pikeman
29:35 Wheelbarrow
28:50 Horse Collar
PilotePSP
0:28 Loom
13:12 Feudal Age
16:44 Bloodlines
18:01 Scale Barding Armor
18:46 Forging
20:42 Fletching
20:56 Double-Bit Axe
21:25 Town Watch
22:00 Padded Archer Armor
24:14 Wheelbarrow
31:05 Castle Age
୧ఠ_ఠᓄ
10:55 Feudal Age
10:54 Loom
11:52 Double-Bit Axe
15:59 Castle Age
13:57 Horse Collar
15:54 Gold Mining
17:28 Bow Saw
17:17 Crossbowman
22:14 Wheelbarrow
22:29 Heavy Plow
27:06 Hand Cart
26:53 Fletching
28:10 Thumb Ring
33:23 Imperial Age
32:23 Scale Mail Armor
32:34 Forging
33:14 Royal Heirs
33:46 Chain Mail Armor
34:45 Iron Casting
34:09 Elite Shotel Warrior
35:53 Plate Mail Armor
37:42 Blast Furnace
36:54 Royal Heirs
tonytctang
10:44 Feudal Age
11:31 Horse Collar
11:39 Double-Bit Axe
15:44 Loom
19:13 Castle Age
17:58 Stone Mining
20:09 Bow Saw
20:58 Gold Mining
23:54 Wheelbarrow
23:05 Town Watch
23:22 Heavy Plow
25:37 Gold Shaft Mining
25:35 Forging
26:44 Bloodlines
27:12 Scale Barding Armor
28:32 Hand Cart
31:51 Caravan
35:13 Imperial Age
34:33 Chain Barding Armor
34:50 Iron Casting
35:37 Town Patrol
37:37 Two-Man Saw
37:57 Blast Furnace
37:32 Plate Barding Armor
37:23 Conscription
36:28 Elite Mameluke
kit7292001
4:21 Loom
10:29 Feudal Age
11:28 Double-Bit Axe
14:46 Fletching
15:13 Horse Collar
18:39 Padded Archer Armor
19:37 Forging
22:44 Castle Age
23:31 Crossbowman
24:18 Thumb Ring
24:11 Bodkin Arrow
23:38 Pikeman
25:45 Leather Archer Armor
26:28 Gold Mining
28:29 Wheelbarrow
28:24 Scale Mail Armor
31:13 Hand Cart
33:04 Iron Casting
32:44 Chain Mail Armor
38:58 Imperial Age
36:41 Heavy Plow
36:28 Town Watch
kobeman
11:06 Feudal Age
14:45 Castle Age
12:58 Double-Bit Axe
13:04 Domestication
15:42 Forging
15:25 Loom
19:26 Iron Casting
19:33 Scale Barding Armor
23:17 Husbandry
24:29 Chain Barding Armor
25:18 Bow Saw
28:00 Pastoralism
32:38 Imperial Age
30:43 Wheelbarrow
31:35 Gold Mining
32:43 Hand Cart
33:20 Elite Steppe Lancer
35:20 Plate Barding Armor
36:04 Stone Mining
36:42 Treadmill Crane
Connection lost

Rejoining the realm…

Still unreachable

The connection could not be restored.

Session expired

The server has moved on; the page needs a fresh start.